 Dungeon Crawl Stone Soup version 0.29-a0-392-g297d3b089c (webtiles) character file.

Game seed: 7169295034333044603

240252 jlumianski the Sifu (level 19, -4/142 HPs)
             Began as a Demonspawn Fighter on May 7, 2022.
             Was the Champion of Wu Jian.
             Hit by a silver javelin thrown by a merfolk javelineer (11 damage)
             ... on level 4 of the Shoals on May 8, 2022.
             The game lasted 04:33:36 (51653 turns).

jlumianski the Sifu (Demonspawn Fighter)           Turns: 51653, Time: 04:33:39

Health: -4/142     AC: 20    Str: 24    XL:     19   Next: 4%
Magic:  0/30       EV: 15    Int:  7    God:    Wu Jian [******]
Gold:   2074       SH: 26    Dex: 17    Spells: 18/18 levels left

rFire   + . .      SeeInvis .   P - +9 rapier "Wickymne" {drain, Will+ Str+2}
rCold   + . .      Faith    .   Q - +0 tower shield
rNeg    + . .      Spirit   +   N - +1 ring mail {rPois}
rPois   +          Reflect  .   b - +0 helmet of Fortitude {rN+ rCorr}
rElec   .          Harm     .   p - +2 cloak {Stlth+}
rCorr   +          Rampage  .   A - +1 pair of gloves "Semuz" {rF+ rC+ Int-3}
Will    ++...                   (boots unavailable)
Stlth   ++++++....              T - amulet of magic regeneration
HPRegen 0.33/turn               F - +4 ring of protection
MPRegen 0.84/turn               U - ring of flight

@: flying
A: hooves 3, large bone plates 3, ignite blood 2, magic shield, magic
regeneration, magic link, agile 1, shaggy fur 1, subdued magic 1, MP-powered
wands
}: 1/15 runes: gossamer
a: Renounce Religion, Wall Jump, Serpent's Lash, Heavenly Storm


You were on level 4 of the Shoals.
You worshipped Wu Jian.
Wu Jian was exalted by your worship.
You visited 5 branches of the dungeon, and saw 31 of its levels.
You also visited: Ossuary and Gauntlet.

You collected 3422 gold pieces.
You spent 1348 gold pieces at shops.

Inventory:

Hand Weapons
 C - a +1 vampiric demon trident
 P - the +9 rapier "Wickymne" (weapon) {drain, Will+ Str+2}
   (You took it off an orc on level 9 of the Dungeon)

   A truly terrible weapon, it drains the life of any living foe it strikes.
   Str:       It affects your strength (+2).
   Will:      It increases your willpower.
Missiles
 h - 5 atropa-tipped darts
 v - 41 boomerangs
 y - 6 throwing nets (quivered)
 z - 24 javelins
 D - 5 silver javelins
Armour
 b - the +0 helmet of Fortitude (worn) {rN+ rCorr}
   (You found it in a Gauntlet)

   rN:        It protects you from negative energy.
   rCorr:     It protects you from acid and corrosion.
 g - a +4 chain mail of fire resistance
 n - a scarf of resistance
 p - a +2 cloak of stealth (worn)
 A - the +1 pair of gloves "Semuz" (worn) {rF+ rC+ Int-3}
   (You found it on level 14 of the Dungeon)

   Int:       It affects your intelligence (-3).
   rF:        It protects you from fire.
   rC:        It protects you from cold.
 N - a +1 ring mail of poison resistance (worn)
 Q - a +0 tower shield (worn)
Jewellery
 t - a ring of ice
 x - a ring of protection from fire
 B - a ring of see invisible
 F - a +4 ring of protection (left hand)
 S - the ring "Osuse" {Fire Int+2}
   (You found it on level 12 of the Dungeon)

   [ring of fire]

   It enhances your fire magic.
   Int:       It affects your intelligence (+2).
   rF:        It protects you from fire.
   rC:        It makes you vulnerable to cold.
 T - an amulet of magic regeneration (around neck)
 U - a ring of flight (right hand)
 Z - a +4 ring of protection
Wands
 a - a wand of flame (41)
 e - a wand of iceblast (14)
 j - a wand of mindburst (16)
 V - a wand of digging (15)
Scrolls
 k - a scroll of brand weapon
 m - 7 scrolls of fear
 o - a scroll of summoning
 u - a scroll of enchant armour
 w - 15 scrolls of teleportation
 I - 2 scrolls of magic mapping
 J - 7 scrolls of poison
 L - 3 scrolls of blinking
 O - 2 scrolls of silence
 Y - 7 scrolls of fog
Potions
 c - a potion of magic
 d - 2 potions of might
 f - 2 potions of heal wounds
 i - 9 potions of curing
 l - a potion of invisibility
 r - 8 potions of haste
 G - 2 potions of resistance
 R - 3 potions of berserk rage
 W - 3 potions of flight
Miscellaneous
 q - a lightning rod (4/4)
 s - a tin of tremorstones (2/2)


   Skills:
 + Level 10.4 Fighting
 - Level 14.0 Short Blades
 - Level 7.2 Axes
 + Level 4.1 Throwing
 + Level 9.0 Armour
 * Level 11.6 Dodging
 * Level 12.3 Stealth
 + Level 12.1 Shields
 * Level 15.2 Invocations
 * Level 12.2 Evocations


You had 18 spell levels left.
You didn't know any spells.
Your spell library contained the following spells:

 Spells                   Type           Power      Damage    Failure   Level
 Freeze                   Ice            0%         1d3       97%         1
 Magic Dart               Conj           0%         1d3       97%         1
 Sting                    Tmut/Pois      0%         1d3       97%         1
 Summon Small Mammal      Summ           0%         N/A       97%         1
 Corpse Rot               Necr/Air       0%         N/A       99%         2
 Poisonous Vapours        Pois/Air       0%         N/A       99%         2
 Sublimation of Blood     Necr           0%         N/A       99%         2
 Call Canine Familiar     Summ           0%         N/A       100%        3
 Confusing Touch          Hex            0%         N/A       100%        3
 Conjure Flame            Conj/Fire      0%         6-21      100%        3
 Frozen Ramparts          Ice            0%         1d2       100%        3
 Ignite Poison            Fire/Tmut/Pois 0%         N/A       100%        3
 Inner Flame              Hex/Fire       0%         N/A       100%        3
 Mephitic Cloud           Conj/Pois/Air  0%         N/A       100%        3
 Summon Guardian Golem    Hex/Summ       0%         N/A       100%        3
 Tukima's Dance           Hex            0%         N/A       100%        3
 Airstrike                Air            0%         N/A       100%        4
 Animate Armour           Summ/Erth      0%         N/A       100%        4
 Cause Fear               Hex            0%         N/A       100%        4
 Fulminant Prism          Conj/Hex       0%         3d6       100%        4
 Hailstorm                Conj/Ice       0%         3d3       100%        4
 Ice Form                 Ice/Tmut       0%         N/A       100%        4
 Iskenderun's Mystic Bla  Conj/Tloc      0%         2d3       100%        4
 Leda's Liquefaction      Hex/Erth       0%         N/A       100%        4
 Olgreb's Toxic Radiance  Pois           0%         N/A       100%        4
 Passage of Golubria      Tloc           0%         N/A       100%        4
 Petrify                  Tmut/Erth      0%         N/A       100%        4
 Sticky Flame             Conj/Fire      0%         2d3       100%        4
 Summon Lightning Spire   Summ/Air       0%         N/A       100%        4
 Alistair's Intoxication  Tmut/Pois      0%         N/A       100%        5
 Blade Hands              Tmut           0%         N/A       100%        5
 Borgnjor's Vile Clutch   Necr/Erth      0%         N/A       100%        5
 Freezing Cloud           Conj/Ice/Air   0%         6-21      100%        5
 Irradiate                Conj/Tmut      0%         3d13      100%        5
 Lee's Rapid Deconstruct  Erth           0%         3d5*      100%        5
 Lightning Bolt           Conj/Air       0%         1d11      100%        5
 Yara's Violent Unravell  Hex/Tmut       0%         3d3       100%        5
 Dispersal                Tloc           0%         N/A       100%        6
 Eringya's Noxious Bog    Tmut/Pois      0%         N/A       100%        6
 Iron Shot                Conj/Erth      0%         9d1       100%        6
 Simulacrum               Ice/Necr       0%         N/A       100%        6
 Starburst                Conj/Fire      0%         6d3       100%        6
 Statue Form              Tmut/Erth      0%         N/A       100%        6
 Enfeeble                 Hex            0%         N/A       100%        7
 Discord                  Hex            0%         N/A       100%        8
 Disjunction              Tloc           0%         N/A       100%        8


Dungeon Overview and Level Annotations

Branches:
Dungeon (15/15)            Temple (0/1) D:4            Lair (6/6) D:10
 Shoals (4/4) Lair:2       Spider (4/4) Lair:2        Slime (0/5) Lair:6
    Orc (2/2) D:9             Elf (0/3) Orc:2        Vaults (0/5) D:13
 Depths (0/4) D:15        Ossuary (visited)         Gauntlet (visited)

Altars:
Ashenzari
Cheibriados
Dithmenos
Fedhas
Kikubaaqudgha
Nemelex Xobeh
Okawaru
Sif Muna
Trog
Uskayaw
Vehumet
Wu Jian
Xom
The Shining One
Jiyva

Shops:
D:1 (   D:4 (   D:9 *[(   D:10 (   Orc:1 :   Orc:2 ([*=   Shoals:1 !

Annotations:
Lair:6 1 runed translucent door
Shoals:3 1 runed translucent door, Ytiur's ghost, adept MiFi


Innate Abilities, Weirdness & Mutations

You have hooves in place of feet.
You are completely covered in large bone plates. (SH +8)
Your demonic aura often causes spilled blood to erupt in flames.
When hurt, damage is shared between your health and your magic reserves.
You regenerate magic rapidly.
When low on magic, you restore magic in place of health.
You are agile. (Dex +2)
You are covered in fur. (AC +1)
Your spells are a little easier to cast, but a little less powerful.
You expend magic power (3 MP) to strengthen your wands.


Message History

Okay, then.
The merfolk javelineer throws a silver javelin.
The silver javelin misses you.
The merfolk javelineer throws a silver javelin.
The silver javelin pierces through you!
* * * LOW HITPOINT WARNING * * *
The silver sears you!
* * * LOW HITPOINT WARNING * * *
You feel better.
The merfolk javelineer throws a silver javelin.
The silver javelin closely misses you.
The merfolk javelineer throws a silver javelin.
The silver javelin pierces through you!
* * * LOW HITPOINT WARNING * * *
The silver sears you!
* * * LOW HITPOINT WARNING * * *
You feel much better.
The merfolk javelineer throws a silver javelin.
The silver javelin pierces through you.
* * * LOW HITPOINT WARNING * * *
The silver sears you!
* * * LOW HITPOINT WARNING * * *
Okay, then.
Throw: 7 throwing nets
Press: ? - help, Q - select action, (/) - cycle Shift-Dir - straight line, f - merfolk javelineer
Aim: a merfolk javelineer, wielding a +3 spear of venom, wearing a +0 leather armour and quivering silver javelins (61% to hit)
You throw a throwing net.
The throwing net hits the merfolk javelineer.
The merfolk javelineer is caught in the net!
You hear a splash.
You carefully extract the barbed spikes from your body.
The merfolk javelineer struggles against the net. x2
The merfolk javelineer struggles against the net. x2
The merfolk javelineer struggles against the net.
The net rips apart, and the merfolk javelineer comes free!
The merfolk javelineer throws a silver javelin.
The silver javelin pierces through you!
* * * LOW HITPOINT WARNING * * *
The silver sears you!
You die...

##########################
≈≈≈≈≈≈≈≈≈≈≈≈≈≈≈≈≈≈≈≈≈≈≈≈≈≈
≈≈≈≈≈≈≈≈≈≈≈≈≈≈≈≈≈≈≈≈≈≈≈≈≈≈
≈≈≈≈≈≈≈≈≈≈≈≈≈≈≈≈≈≈≈≈≈≈≈≈≈≈
≈≈≈≈≈≈≈≈≈≈≈≈≈≈≈≈≈≈≈≈≈≈≈≈≈≈
≈≈≈≈≈≈≈≈≈@≈≈≈≈≈≈≈≈≈≈≈≈≈≈≈≈
≈≈≈≈≈≈≈≈≈≈≈≈≈≈≈≈≈P≈≈P≈≈≈≈≈
≈≈≈≈≈≈≈≈≈≈≈≈≈P≈P≈≈..≈≈P≈≈≈
≈≈≈≈≈≈≈≈≈≈≈≈≈≈≈≈≈.≈.≈≈≈≈≈≈
≈.......≈≈m≈P≈≈P≈.≈≈≈P...≈
.##.≈###.≈P≈≈P≈≈≈.≈≈.....≈
### #..≈≈≈..P..[.......
###.≈≈...P.<.......
##≈.........[.....


You could see a merfolk javelineer.

Vanquished Creatures
  Rupert (D:14)
  Polyphemus (Shoals:2)
  Frances (Shoals:1)
  Ilsuiw (Shoals:1)
  Louise (Shoals:1)
  5 emperor scorpions
  An orc warlord (Orc:2)
  5 ghost moths (Spider:4)
  6 broodmothers
  Nessos (Lair:4)
  2 spark wasps
  An entropy weaver (Spider:3)
  A minotaur (Gauntlet)
  3 dire elephants
  The ghost of Mubboch the Covert, a journeyman TeBr of Ashenzari (Lair:2)
  Snorg (D:13)
  The ghost of kairosrom117 the Thaumaturge, a journeyman DrAE of Vehumet (D:11)
  9 merfolk impalers
  3 merfolk javelineers (Shoals:4)
  4 vault guards (D:13)
  7 boulder beetles
  6 hydras
  2 merfolk avatars
  2 ogre magi
  3 radroaches
  2 jorogumos (Spider:4)
  5 merfolk aquamancers
  2 catoblepae
  4 centaur warriors
  An anaconda (Lair:6)
  5 two-headed ogres
  An alligator snapping turtle (Shoals:3)
  A dancing weapon (D:15)
  A satyr (Shoals:3)
  4 death yaks
  2 tengu warriors
  Urug (Lair:4)
  6 orc high priests
  Nergalle (Lair:3)
  7 pharaoh ants
  A shadow wraith (D:12)
  2 sun moths
  10 sea snakes
  8 steelbarb worms
  4 orb spiders
  A wizard (D:13)
  6 orc knights
  22 wolf spiders
  17 ugly things
  14 harpies
  2 deep elf pyromancers (D:13)
  14 manticores
  5 orc sorcerers
  9 cyclopes
  10 merfolk sirens
  12 fauns
  4 moths of wrath
  The ghost of Urgle the Cleaver, a novice MiFi (D:6)
  9 black mambas
  7 elephants (Lair:4)
  A gargoyle (D:13)
  8 water nymphs
  6 torpor snails
  A smoke demon (Gauntlet)
  9 cane toads
  3 rime drakes
  8 demonic crawlers
  8 komodo dragons
  An ice devil (D:12)
  36 merfolk
  8 trolls
  4 polar bears (Lair:6)
  8 wind drakes
  5 hornets (Lair:6)
  22 tarantellas
  A raiju (Gauntlet)
  7 slime creatures
  13 dream sheep
  16 blink frogs
  7 snapping turtles
  7 centaur simulacra (D:12)
  33 jumping spiders
  A spriggan (shapeshifter) (D:15)
  15 spriggans
  A ynoxinul (Gauntlet)
  3 shadows
  16 culicivoras
  2 humans (D:13)
  6 basilisks
  5 wyverns
  14 water elementals
  77 yaks
  41 redbacks
  2 steam dragons
  A hog (shapeshifter) (D:15)
  7 vampire mosquitoes
  4 acid dragons
  6 wargs
  11 water moccasins
  A hornet zombie (D:6)
  32 orc warriors
  5 ogres
  2 sky beasts
  3 boggarts (Lair:6)
  19 wolves
  5 black bears
  10 centaurs
  A phantom (D:5)
  2 kobold brigands
  13 bullfrogs
  A gnoll sergeant (D:12)
  3 necrophages
  6 scorpions
  2 water moccasin zombies (Ossuary)
  5 wights (D:9)
  11 killer bees
  7 electric eels
  4 howler monkeys
  3 crimson imps (Gauntlet)
  A bullfrog zombie (D:6)
  2 centaur zombies (D:6)
  8 hounds
  2 jellies
  A gnoll shaman (Orc:2)
  2 centaur skeletons (D:6)
  19 orc priests
  3 iron imps (Gauntlet)
  40 orc wizards
  3 iguanas
  2 hell rats (Lair:2)
  2 lightning spires (Gauntlet)
  3 mummies
  A howler monkey zombie (D:6)
  27 gnolls
  5 adders
  10 river rats (Lair:2)
  A shadow imp (D:6)
  2 white imps
  2 ufetubi
  6 adder zombies (Ossuary)
  3 worms (Lair:2)
  A dart slug (D:4)
  77 orcs
  5 ball pythons
  4 endoplasms
  5 giant cockroaches
  6 gnoll zombies (Ossuary)
  4 goblins
  8 hobgoblins
  13 jackals
  3 quokkas
  3 training dummies (D:4)
  8 bats
  2 frilled lizards
  4 hobgoblin zombies (Ossuary)
  20 kobolds
  6 kobold zombies
  3 orc zombies (Ossuary)
  8 rats
1154 creatures vanquished.

Vanquished Creatures (collateral kills)
  The ghost of Gitueniwk the Protected, a journeyman GrEE of Ashenzari (D:15)
1 creature vanquished.

Vanquished Creatures (others)
  A redback (Spider:4)
  An orc warrior (D:6)
  2 black bears (D:6)
  An iguana (D:6)
  An orc wizard (D:6)
  An adder (D:6)
  An orc (D:6)
  3 demonic plants (Gauntlet)
  27 fungi
  162 plants
  8 toadstools (Lair:4)
  3 withered plants (D:6)
211 creatures vanquished.

Grand Total: 1366 creatures vanquished

Notes
Turn   | Place    | Note
-------+----------+-------------------------------------------
     0 | D:1      | jlumianski the Demonspawn Fighter began the quest for the
                  | Orb.
     0 | D:1      | Reached XP level 1. HP: 18/18 MP: 1/1
   166 | D:1      | Gained mutation: You are partially covered in large bone
                  | plates. (SH +4) [demonic ancestry]
   166 | D:1      | Reached XP level 2. HP: 23/24 MP: 2/2
   293 | D:1      | Found Nuptiojo's Antique Weapon Boutique.
   483 | D:1      | Gained mutation: Your demonic aura sometimes causes spilled
                  | blood to erupt in flames. [demonic ancestry]
   483 | D:1      | Reached XP level 3. HP: 23/29 MP: 3/3
   796 | D:1      | Gained mutation: You have a beak for a mouth. [potion of
                  | mutation]
   796 | D:1      | Gained mutation: You are agile. (Dex +2) [potion of
                  | mutation]
   796 | D:1      | Gained mutation: You sometimes lose the ability to read
                  | scrolls when taking damage. [potion of mutation]
   797 | D:1      | Lost mutation: You have a beak for a mouth. [potion of
                  | mutation]
   797 | D:1      | Lost mutation: You sometimes lose the ability to read
                  | scrolls when taking damage. [potion of mutation]
   797 | D:1      | Gained mutation: Your spells are a little easier to cast,
                  | but a little less powerful. [potion of mutation]
   797 | D:1      | Gained mutation: You are covered in fur. (AC +1) [potion of
                  | mutation]
   797 | D:1      | Gained mutation: You expend magic power (3 MP) to
                  | strengthen your wands. [potion of mutation]
  1104 | D:2      | Identified the +0 cloak of Mirth {Str+4}
  1277 | D:2      | Found a faded altar of an unknown god.
  1684 | D:3      | Found an ornate altar of the Wu Jian Council.
  1694 | D:3      | Became a worshipper of the Wu Jian Council
  1830 | D:3      | Found a radiant altar of Vehumet.
  1850 | D:3      | Gained mutation: You have large cloven feet. [demonic
                  | ancestry]
  1850 | D:3      | Reached XP level 4. HP: 9/35 MP: 4/4
  1857 | D:3      | Got Vehumet's Papyrus of Battle Magic
  2084 | D:3      | Found an ancient bone altar of Kikubaaqudgha.
  2088 | D:3      | Gained mutation: You have hoof-like feet. [demonic
                  | ancestry]
  2088 | D:3      | Reached XP level 5. HP: 39/42 MP: 5/5
  2103 | D:3      | Found a shimmering blue altar of Sif Muna.
  2156 | D:3      | Reached skill level 5 in Fighting
  2156 | D:3      | Reached skill level 5 in Axes
  2156 | D:3      | Reached skill level 4 in Invocations
  2156 | D:3      | Reached XP level 6. HP: 51/51 MP: 5/9
  3212 | D:4      | Reached * piety under Wu Jian
  3382 | D:4      | Found Ikagoutt's Firing Range.
  3420 | D:4      | Bought 2 javelins for 16 gold pieces
  3420 | D:4      | Bought 5 javelins for 40 gold pieces
  3480 | D:4      | Noticed a sky beast
  3501 | D:4      | Killed a sky beast
  3502 | D:4      | Reached skill level 5 in Shields
  3502 | D:4      | Gained mutation: You are mostly covered in large bone
                  | plates. (SH +6) [demonic ancestry]
  3502 | D:4      | Reached XP level 7. HP: 42/56 MP: 10/10
  3508 | D:4      | Found a staircase to the Ecumenical Temple.
  3811 | D:5      | Entered Level 5 of the Dungeon
  3907 | D:5      | Reached skill level 5 in Invocations
  3945 | D:5      | Identified the +0 pair of boots of the Fiddle {rPois Str+4}
  3965 | D:5      | Noticed a yak
  3986 | D:4      | Killed a yak
  3987 | D:4      | Reached skill level 5 in Armour
  3992 | D:5      | Noticed a yak
  4005 | D:4      | Killed a yak
  4006 | D:4      | Reached XP level 8. HP: 52/64 MP: 11/11
  4594 | D:5      | Reached ** piety under Wu Jian
  5085 | D:5      | Gained mutation: You regenerate magic rapidly. [demonic
                  | ancestry]
  5085 | D:5      | Reached XP level 9. HP: 40/69 MP: 13/13
  5400 | D:6      | Found a sand-covered staircase.
  5404 | Ossuary  | Entered an ossuary
  5621 | D:6      | Found a shimmering altar of Xom.
  5695 | D:6      | Reached *** piety under Wu Jian
  5751 | D:5      | Reached skill level 6 in Invocations
  6290 | D:6      | Found a large runed translucent door.
  6290 | D:6      | Found a large runed translucent door.
  6292 | D:6      | Noticed Urgle's ghost (novice MiFi)
  6461 | D:6      | Found a snail-covered altar of Cheibriados.
  6461 | D:6      | Found a broken altar of Ashenzari.
  6617 | D:6      | Killed Urgle's ghost
  6845 | D:7      | Noticed a boulder beetle
  6885 | D:6      | Killed a boulder beetle
  6886 | D:6      | Reached skill level 5 in Stealth
  6886 | D:6      | Reached skill level 5 in Evocations
  6886 | D:6      | Reached XP level 10. HP: 15/76 MP: 14/14
  7708 | D:7      | Found a shadowy altar of Dithmenos.
  8259 | D:8      | Found a blossoming altar of Fedhas.
  8378 | D:9      | Found Abbumuu's Armour Shoppe.
  8378 | D:9      | Found a staircase to the Orcish Mines.
  8378 | D:9      | Found Hekauluq's Weapon Shoppe.
  8458 | D:9      | Identified the +9 rapier "Wickymne" {drain, Will+ Str+2}
  8719 | D:9      | Found a sparkling altar of Nemelex Xobeh.
  8720 | D:9      | You fall into a shaft and drop 2 floors!
  8720 | D:11     | Noticed a five-headed hydra
  8728 | D:11     | Killed a five-headed hydra
  8729 | D:11     | Reached skill level 7 in Invocations
  8731 | D:10     | Entered Level 10 of the Dungeon
  8999 | D:10     | Reached skill level 5 in Dodging
  9005 | D:10     | Reached skill level 1 in Short Blades
  9006 | D:10     | Reached **** piety under Wu Jian
  9541 | D:9      | Noticed a two-headed ogre
  9547 | D:9      | Killed a two-headed ogre
  9548 | D:9      | Gained mutation: You have hooves in place of feet. [demonic
                  | ancestry]
  9548 | D:9      | Reached XP level 11. HP: 35/83 MP: 16/16
 10165 | D:9      | Found Olaq Pue's General Store.
 10173 | D:9      | Bought a potion of mutation for 96 gold pieces
 10806 | D:10     | Found Ygonwom's Weapon Emporium.
 10938 | D:10     | Found a bloodstained altar of Trog.
 11015 | D:10     | Found a staircase to the Lair.
 11066 | Lair:1   | Entered Level 1 of the Lair of Beasts
 11429 | Lair:1   | Reached skill level 8 in Invocations
 11780 | Lair:1   | Reached skill level 5 in Short Blades
 12556 | Lair:2   | Found a hole to the Spider Nest.
 12566 | Lair:2   | Reached ***** piety under Wu Jian
 12693 | Lair:2   | Gained mutation: When hurt, damage is shared between your
                  | health and your magic reserves. [demonic ancestry]
 12693 | Lair:2   | Reached XP level 12. HP: 64/91 MP: 18/18
 12963 | Lair:2   | Found a staircase to the Shoals.
 13128 | Lair:1   | Identified the +0 ring mail "Ehid" {rElec rC++ Str-2 Dex+2}
 13284 | Lair:2   | Found a runed translucent door.
 13284 | Lair:2   | Noticed Mubboch's ghost (journeyman TeBr)
 13617 | Lair:2   | Killed Mubboch's ghost
 14166 | Lair:3   | Noticed a boulder beetle
 14222 | Lair:3   | Reached skill level 9 in Invocations
 14233 | Lair:3   | Killed a boulder beetle
 15028 | Lair:4   | Noticed Nergalle
 15029 | Lair:4   | Noticed Nessos
 15800 | Lair:3   | Killed Nergalle
 15831 | Lair:4   | Killed Nessos
 16179 | Lair:4   | Noticed Urug
 16212 | Lair:4   | Noticed a dire elephant
 16212 | Lair:4   | Noticed a dire elephant
 16233 | Lair:4   | Found a runed translucent door.
 16910 | Lair:4   | Killed Urug
 16911 | Lair:4   | Reached XP level 13. HP: 86/96 MP: 20/20
 16982 | Lair:4   | Killed a dire elephant
 17066 | Lair:4   | Killed a dire elephant
 19083 | D:12     | Reached skill level 10 in Invocations
 19214 | D:12     | Found a runed translucent gate.
 19214 | D:12     | Found a runed translucent gate.
 19218 | D:12     | Found a runed translucent gate.
 19255 | D:12     | Noticed kairosrom117's ghost (journeyman DrAE)
 20026 | D:11     | Killed kairosrom117's ghost
 20225 | D:12     | Got the ring "Osuse" {Fire Int+2}
 20321 | D:12     | Reached skill level 10 in Short Blades
 20687 | D:13     | Noticed Snorg
 20695 | D:13     | Killed Snorg
 21516 | D:13     | Reached XP level 14. HP: 76/104 MP: 16/21
 21748 | D:13     | Found a gate to the Vaults.
 22215 | D:14     | Found an iron altar of Okawaru.
 22330 | D:14     | Identified the +1 pair of gloves "Semuz" {rF+ rC+ Int-3}
 23158 | D:14     | Noticed Rupert
 23183 | D:14     | Killed Rupert
 23990 | D:14     | Found a hide-covered altar of Uskayaw.
 24092 | D:15     | Entered Level 15 of the Dungeon
 24320 | D:15     | Found a broken altar of Ashenzari.
 24429 | D:15     | Reached skill level 11 in Invocations
 24631 | D:15     | Found a runed translucent door.
 24632 | D:15     | Found a shimmering altar of Xom.
 24632 | D:15     | Noticed Gitueniwk's ghost (journeyman GrEE)
 24633 | D:15     | Identified the +8 halberd of the Equator {chaos, rC++
                  | Stlth+}
 24741 | D:15     | Found an ornate altar of the Wu Jian Council.
 24843 | D:15     | Found a staircase to the Depths.
 25567 | D:15     | Killed Gitueniwk's ghost
 26252 | Orc:1    | Entered Level 1 of the Orcish Mines
 26431 | Orc:1    | Found Toseb's Book Shop.
 26669 | Orc:2    | Entered Level 2 of the Orcish Mines
 27070 | Orc:2    | Found a staircase to the Elven Halls.
 27189 | Orc:1    | You fall into a shaft and drop 1 floor!
 27569 | Orc:2    | Reached ****** piety under Wu Jian
 27881 | Orc:2    | Reached XP level 15. HP: 78/112 MP: 18/23
 28692 | Orc:2    | Noticed an orc warlord
 28756 | Orc:2    | Killed an orc warlord
 28912 | Orc:2    | Found Roitud's Antique Armour Emporium.
 28923 | Orc:2    | Found Xedix's Antique Weapon Shoppe.
 28924 | Orc:2    | Found Not Jecw's General Store.
 28924 | Orc:2    | Found Nuug's Jewellery Emporium.
 29005 | Orc:2    | Bought a scroll of summoning for 161 gold pieces
 29162 | Orc:2    | Bought an embroidered cloak for 285 gold pieces
 29180 | Orc:2    | Bought a ring of poison resistance for 300 gold pieces
 29180 | Orc:2    | Bought a ring of see invisible for 225 gold pieces
 29920 | Lair:5   | Found a gate leading to a gauntlet.
 29932 | Gauntlet | Entered a Gauntlet
 29932 | Gauntlet | Found a transporter.
 29946 | Gauntlet | Found a transporter.
 29948 | Gauntlet | Found a transporter.
 29950 | Gauntlet | Found a transporter.
 29980 | Gauntlet | Found a transporter.
 29982 | Gauntlet | Found a transporter.
 29999 | Gauntlet | Found a transporter.
 30018 | Gauntlet | Found a transporter.
 30025 | Gauntlet | Found a transporter.
 30044 | Gauntlet | Found a transporter.
 30064 | Gauntlet | Found a transporter.
 30076 | Gauntlet | Found a transporter.
 30088 | Gauntlet | Found a transporter.
 30100 | Gauntlet | Found a transporter.
 30112 | Gauntlet | Found a transporter.
 30130 | Gauntlet | Found a transporter.
 30150 | Gauntlet | Found a transporter.
 30152 | Gauntlet | Found a transporter.
 30438 | Gauntlet | Identified the +0 helmet of Fortitude {rN+ rCorr}
 30967 | Gauntlet | Got the Compendium of Ignition
 31713 | Lair:6   | Entered Level 6 of the Lair of Beasts
 32087 | Lair:6   | Found a runed translucent door.
 32087 | Lair:6   | Found a viscous altar of Jiyva.
 32092 | Lair:6   | Found a staircase to the Slime Pits.
 32503 | Lair:5   | Reached skill level 12 in Invocations
 33262 | Lair:6   | Identified the +5 shortbow of Victory {vorpal, rPois rC+
                  | Str-2 Int+6}
 33398 | Spider:1 | Entered Level 1 of the Spider Nest
 33579 | Spider:1 | Reached skill level 10 in Stealth
 34481 | Spider:1 | Gained mutation: When low on magic, you restore magic in
                  | place of health. [demonic ancestry]
 34481 | Spider:1 | Reached XP level 16. HP: 75/119 MP: 21/25
 35366 | Spider:1 | Reached skill level 10 in Evocations
 35511 | Spider:1 | Gained mutation: Your demonic aura often causes spilled
                  | blood to erupt in flames. [demonic ancestry]
 35511 | Spider:1 | Reached XP level 17. HP: 119/126 MP: 26/26
 36171 | Spider:2 | Reached skill level 13 in Invocations
 37813 | Spider:3 | Reached skill level 10 in Dodging
 38634 | Spider:4 | Entered Level 4 of the Spider Nest
 39546 | Spider:4 | Reached skill level 10 in Shields
 43070 | Spider:4 | Gained mutation: You are completely covered in large bone
                  | plates. (SH +8) [demonic ancestry]
 43070 | Spider:4 | Reached XP level 18. HP: 95/134 MP: 28/28
 43538 | Spider:4 | Got a gossamer rune of Zot
 43934 | Shoals:1 | Entered Level 1 of the Shoals
 43968 | Shoals:1 | Noticed Frances
 43991 | Shoals:1 | Killed Frances
 44037 | Shoals:1 | Found Waenlyll's Distillery.
 44049 | Shoals:1 | Bought 2 potions of berserk rage for 150 gold pieces
 44049 | Shoals:1 | Bought a potion of heal wounds for 75 gold pieces
 44326 | Lair:2   | Upgraded the game from 0.29-a0-384-g6960b1960d to
                  | 0.29-a0-392-g297d3b089c
 44653 | Shoals:1 | Noticed Louise
 44674 | Shoals:1 | Reached skill level 14 in Invocations
 44685 | Shoals:1 | Killed Louise
 45725 | Shoals:2 | Noticed Ilsuiw
 46093 | Shoals:1 | Killed Ilsuiw
 46494 | Shoals:2 | Reached skill level 10 in Fighting
 46927 | Shoals:2 | You are sucked into a shaft and drop 1 floor!
 47869 | Shoals:3 | Found a runed translucent door.
 47879 | Shoals:3 | Noticed Ytiur's ghost (adept MiFi)
 47916 | Shoals:3 | Noticed Polyphemus
 48062 | Shoals:2 | Killed Polyphemus
 48809 | Shoals:4 | Entered Level 4 of the Shoals
 50194 | Shoals:3 | Reached skill level 15 in Invocations
 51065 | Shoals:4 | Reached XP level 19. HP: 87/141 MP: 23/30
 51649 | Shoals:4 | HP: 4/142 [merfolk javelineer/silver javelin (7)]
 51653 | Shoals:4 | Hit by a silver javelin thrown by a merfolk javelineer

Illustrated notes

Levels and vault maps discovered:
D:1:      matt_arrival_spirals, layout_rooms, serial_shops, shop,
          hangedman_abyss_or_decor_stabs, nicolae_grassy_gnolls
D:2:      layout_basic, hellmonk_ecumenical_altar_leap_of_faith
D:3:      layout_basic, palyth_temple_overflow_mages,
          nicolae_overflow_crystal_walls, minmay_increasing_density
D:4:      layout_rooms, temple_fountains, nrook_loot_triangle,
          nicolae_shop_firing_range
D:5:      layout_basic
D:6:      layout_basic, xom_confusion_cloud, gammafunk_temple_overflow_wave,
          mainiacjoe_overflow_chevrons, nicolae_ossuary_entry_giza,
          serial_undead, serial_undead_f, serial_undead_f, serial_undead_d,
          serial_undead_c, ebering_ghost_disaster_area
D:7:      layout_basic, lemuel_crystal_altar, minmay_misc_feat_x
D:8:      layout_cave_pools, lemuel_coloured_pillars_altar
D:9:      layout_stronghold, mainiacjoe_overflow_surrounded_room, orc_david_3,
          serial_shops, nicolae_shop_competitors_out_of_business,
          hangedman_decor_riveting
D:10:     layout_loops_ring, trog_book, erik_lair_island, serial_shops,
          nicolae_shop_bloodbath_and_beyond
D:11:     layout_rooms
D:12:     layout_loops_cross, gammafunk_ghost_icy
D:13:     cheibrodos_elevator_heist, layout_gridville,
          grunt_vaults_entry_fortified, uniq_snorg
D:14:     layout_roguey, nicolae_uskayaw_murder_on_the_dancefloor,
          okawaru_trees_2, uniq_rupert
D:15:     hangedman_depths_entry_try_elsewhere_first, layout_loops_corners,
          ebering_ghost_xom, basic_altar, cheibrodos_ashenzari_chains
Lair:1:   layout_small_grid
Lair:2:   layout_regular_city, shoals_dummy_entry,
          nicolae_spider_entry_non_spiders, gammafunk_ghost_grave,
          serial_rivers, chequers_serial_rivers_micro_e,
          chequers_serial_rivers_micro_e, chequers_serial_rivers_large_b,
          chequers_serial_rivers_small_a, kennysheep_rathole
Lair:3:   layout_loops_ring, serial_bayou_shore_a
Lair:4:   gammafunk_lair_enchanted_lake, layout_misc_corridors,
          grunt_megastairs_5, uniq_urug, uniq_nergalle, uniq_nessos
Lair:5:   layout_hall_layers, gauntlet_entry_generic
Lair:6:   minmay_lair_end_enchanted_forest, layout_regular_city, slime_altar_2,
          chequers_serial_rivers_micro_c, chequers_serial_rivers_small_b,
          serial_bayou_shore_b
Shoals:1: layout_shoals, serial_shops, shop, uniq_louise, uniq_frances
Shoals:2: layout_shoals, uniq_ilsuiw
Shoals:3: layout_shoals, ebering_ghost_reflecting_pool, uniq_polyphemus
Shoals:4: shoals_end_grunt_ice, layout_shoals
Spider:1: nicolae_spider_hilbert_zone_1 [nicolae_spider_hilbert_4_sides_1_open,
          nicolae_spider_hilbert_4_sides_1_open,
          nicolae_spider_hilbert_4_sides_1_open,
          nicolae_spider_hilbert_4_sides_1_open,
          nicolae_spider_hilbert_3_sides_1_open,
          nicolae_spider_hilbert_3_sides_1_open,
          nicolae_spider_hilbert_3_sides_1_open,
          nicolae_spider_hilbert_3_sides_1_open,
          nicolae_spider_hilbert_3_sides_1_open,
          nicolae_spider_hilbert_6_sides_1_open,
          nicolae_spider_hilbert_6_sides_1_open,
          nicolae_spider_hilbert_3_sides_1_open,
          nicolae_spider_hilbert_3_sides_1_open,
          nicolae_spider_hilbert_3_sides_1_open,
          nicolae_spider_hilbert_3_sides_1_open,
          nicolae_spider_hilbert_2_sides_1_open]
Spider:2: layout_spider_delve
Spider:3: layout_spider_delve, hellmonk_spider_spawner
Spider:4: grunt_spider_rune_parallel
Orc:1:    layout_caves, serial_shops, nicolae_shop_crystal
Orc:2:    st_orc_congregation, layout_caves

Skill      XL: |  1  2  3  4  5  6  7  8  9 10 11 12 13 14 15 16 17 18 19 |
---------------+----------------------------------------------------------+-----
Axes           | 2 3 5 6 7 |  7.2
Armour         | 3 4 5 6 7 8 9 |  9.0
Shields        | 3 4 5 6 7 8 9 10 12 | 12.1
Fighting       | 5 6 7 8 9 10 | 10.4
Throwing       | 3 4 |  4.1
Dodging        | 3 4 5 6 7 8 9 10 11 | 11.6
Stealth        | 3 4 5 6 7 8 9 10 11 12 | 12.3
Invocations    | 4 5 6 7 8 9 10 11 12 13 15 | 15.2
Evocations     | 3 4 5 6 7 8 9 10 11 12 | 12.2
Short Blades   | 2 6 8 10 12 13 14 | 14.0

Action                   |  1- 3 |  4- 6 |  7- 9 | 10-12 | 13-15 | 16-18 | 19-21 || total
-------------------------+-------+-------+-------+-------+-------+-------+-------++-------
Melee: War axe           |   115 |   112 |   360 |    96 |       |       |       ||   683
       Kick              |       |    27 |     7 |   177 |   627 |   769 |    28 ||  1635
       Rapier            |       |       |       |   659 |  1832 |  1744 |    54 ||  4289
Throw: Stone             |     5 |       |       |       |       |       |       ||     5
       Javelin           |       |     1 |     1 |       |       |       |       ||     2
       Boomerang         |       |     1 |       |       |    10 |    31 |     7 ||    49
       Dart              |       |       |     5 |       |       |       |       ||     5
       Throwing net      |       |       |       |       |       |       |     1 ||     1
Invok: Lunge             |       |    18 |    33 |    67 |   140 |   137 |     6 ||   401
       Whirlwind         |       |     2 |    25 |    89 |   181 |   178 |     2 ||   477
       Serpent's Lash    |       |       |     1 |     1 |     3 |       |       ||     5
       Heavenly Storm    |       |       |       |     1 |     1 |     1 |       ||     3
 Abil: Wall Jump         |       |       |    18 |    32 |    72 |    41 |       ||   163
Evoke: Tin of tremorston |       |       |       |       |     2 |     5 |       ||     7
       Lightning rod     |       |       |       |       |     1 |       |       ||     1
       Wand              |       |       |       |       |       |     3 |       ||     3
  Use: Potion            |     3 |     3 |     3 |     3 |     6 |     6 |     3 ||    27
       Scroll            |     3 |     1 |    12 |     9 |     8 |     5 |     1 ||    39
 Stab: Sleeping          |       |       |     4 |     3 |    21 |    21 |       ||    49
       Distracted        |       |       |       |       |     5 |    10 |       ||    15
       Petrified         |       |       |       |       |       |     4 |       ||     4
Armor: Scale mail        |    70 |    21 |    99 |    88 |       |       |       ||   278
       Ring mail         |       |       |       |    19 |   333 |   452 |     7 ||   811
Dodge: Dodged            |    60 |    59 |   200 |   296 |   735 |   630 |     8 ||  1988
Block: Buckler           |    74 |    48 |   189 |   320 |   701 |   209 |       ||  1541
       Tower shield      |       |       |       |       |       |  1556 |    39 ||  1595

Table legend: (Time is in decaauts)
 A = Elapsed time spent in this place.
 B = Non-inter-level travel time spent in this place.
 C = Inter-level travel time spent in this place.
 D = Time resting spent in this place.
 E = Time spent auto-exploring this place.
 F = Levels seen in this place.
 G = Mean time per level.
                   A        B        C        D        E       F      G
               +--------+--------+--------+--------+--------+-----+--------+
         Total |  51699 |  49077 |   2622 |  10564 |  22276 |  33 | 1566.6 |
       Dungeon |  19988 |  19286 |    702 |   1897 |  11728 |  15 | 1332.5 |
          Lair |   9731 |   8700 |   1031 |   1267 |   4454 |   6 | 1621.8 |
        Shoals |   7113 |   7071 |     42 |   3383 |   1594 |   4 | 1778.2 |
   Spider Nest |  10162 |   9324 |    838 |   2515 |   3748 |   4 | 2540.5 |
  Orcish Mines |   3386 |   3379 |      7 |   1011 |    708 |   2 | 1693.0 |
       Ossuary |    199 |    199 |      0 |      0 |      3 |   1 |  199.0 |
      Gauntlet |   1116 |   1116 |      0 |    490 |     41 |   1 | 1116.0 |
               +--------+--------+--------+--------+--------+-----+--------+

Top non-repeatable levels by time:
Spider:4: 3578 daAuts
Spider:1: 3281 daAuts
Shoals:3: 3047 daAuts
Spider:3: 2261 daAuts
   Orc:2: 2130 daAuts
  Lair:3: 2124 daAuts
     D:9: 2041 daAuts
  Lair:4: 2016 daAuts
    D:15: 1961 daAuts
    D:13: 1955 daAuts
  Lair:2: 1880 daAuts
  Lair:1: 1796 daAuts
    D:14: 1644 daAuts
Shoals:2: 1606 daAuts
     D:6: 1596 daAuts
